[ AOE2 MATCH · #506618379 ]
UnrankedSlavs vs Tatars
Player's team · LOSS
Rival team · WIN
[ REPLAY ANALYSIS · EXTRACTED FROM THE RECORDED GAME ]
Feudal
15:02
Castle
19:06
Imperial
—
| APM avg | 60.9 |
| APM peak | 81 |
| eAPM avg | 27.6 |
| Villagers / military | 37 / 0 |
Focus
⚔️ 34.2% · 🌾 65.8%
Fishing Ship ×7 · Unknown (2626) ×1
Feudal
13:40
Castle
17:18
Imperial
—
| APM avg | 55.0 |
| APM peak | 111 |
| eAPM avg | 24.1 |
| Villagers / military | 37 / 11 |
Focus
⚔️ 37.6% · 🌾 62.4%
Keshik ×11 · Fishing Ship ×8
Match map
Initial resources + every placement click. Lines = walls · curves = elevation contours. ◆ gold · ⬟ stone · ● berries · ✦ relic · ◌ wall gap
Your base· Open — unwalled flank
fourloko's base· Open — 4t gap
Smoothed initial terrain · ◌ = detected wall gap · hover for details
Inputs per minute
— OS+ | TeMo - - fourloko
Build order — OS+ | TeMo
100 actions detected in the replay
| 0:35 | Build | Town Center |
| 2:48 | Queue | Villager (Male) ×4 |
| 2:48 | Queue | Villager (Male) ×4 |
| 2:54 | Build | House |
| 4:10 | Build | Dock |
| 4:25 | Queue | Villager (Male) |
| 4:25 | Queue | Villager (Male) |
| 4:55 | Queue | Villager (Male) |
| 4:56 | Queue | Villager (Male) |
| 5:16 | Queue | Villager (Male) |
| 5:16 | Queue | Villager (Male) |
| 5:29 | Build | House |
| 5:56 | Queue | Villager (Male) |
| 5:58 | Queue | Fishing Ship |
| 6:03 | Build | Palisade Wall |
| 6:03 | Build | Palisade Wall |
| 6:16 | Build | Palisade Wall |
| 6:20 | Queue | Villager (Male) |
| 6:20 | Queue | Villager (Male) |
| 6:36 | Build | House |
| 6:39 | Build | House |
| 6:44 | Queue | Villager (Male) |
| 7:01 | Queue | Fishing Ship |
| 7:23 | Build | House |
| 7:30 | Queue | Villager (Male) |
| 7:30 | Queue | Villager (Male) |
| 7:44 | Build | House |
| 7:56 | Queue | Villager (Male) |
| 8:11 | Queue | Fishing Ship |
| 8:23 | Queue | Villager (Male) |
| 8:46 | Queue | Villager (Male) |
| 8:51 | Build | House |
| 8:57 | Queue | Fishing Ship |
| 9:04 | Build | House |
| 9:12 | Queue | Villager (Male) |
| 9:28 | Queue | Fishing Ship |
| 9:29 | Queue | Villager (Male) |
| 9:35 | Build | House |
| 9:41 | Build | House |
| 9:46 | Build | House |
| 9:57 | Queue | Villager (Male) |
| 10:03 | Queue | Fishing Ship |
| 10:38 | Build | Lumber Camp |
| 10:45 | Queue | Villager (Male) |
| 10:46 | Queue | Fishing Ship |
| 11:07 | Queue | Villager (Male) |
| 11:09 | Build | House |
| 11:31 | Queue | Villager (Male) |
| 11:46 | Queue | Villager (Male) |
| 12:03 | Build | House |
| 12:27 | Build | Mining Camp |
| 12:27 | Queue | Villager (Male) |
| 12:33 | Build | Mining Camp |
| 12:35 | Build | House |
| 12:46 | Research | Feudal Age |
| 12:46 | Research | Feudal Age |
| 13:21 | Build | Outpost |
| 13:29 | Build | Outpost |
| 14:48 | Queue | Villager (Male) |
| 14:48 | Queue | Villager (Male) |
| 15:01 | Build | Mill |
| 15:02 | Age | Feudal Age |
| 15:09 | Build | Blacksmith |
| 15:12 | Build | House |
| 15:13 | Queue | Villager (Male) |
| 15:15 | Build | Blacksmith |
| 15:17 | Build | Blacksmith |
| 15:29 | Build | Market |
| 15:33 | Build | Market |
| 15:37 | Build | Outpost |
| 15:40 | Build | Outpost |
| 15:44 | Build | Outpost |
| 15:49 | Research | Double-Bit Axe |
| 15:53 | Queue | Unit 2626 |
| 15:54 | Queue | Villager (Male) |
| 16:02 | Research | Loom |
| 16:26 | Research | Castle Age |
| 16:48 | Build | Outpost |
| 17:02 | Build | House |
| 17:25 | Build | House |
| 17:40 | Build | House |
| 17:49 | Build | Outpost |
| 17:55 | Build | House |
| 18:28 | Research | Loom |
| 18:51 | Build | Palisade Wall |
| 18:51 | Build | Palisade Wall |
| 18:57 | Build | House |
| 19:06 | Age | Castle Age |
| 19:08 | Build | House |
| 19:11 | Build | Palisade Wall |
| 19:14 | Build | Palisade Wall |
| 19:17 | Build | Gate |
| 19:44 | Queue | Villager (Male) |
| 19:53 | Research | Fletching |
| 19:53 | Research | Fletching |
| 19:54 | Queue | Villager (Male) |
| 20:04 | Build | Palisade Wall |
| 20:25 | Build | House |
| 20:31 | Build | Palisade Wall |
| 20:36 | Build | Gate |
Build order — fourloko
106 actions detected in the replay
| 0:27 | Build | Town Center |
| 0:36 | Build | Dock |
| 1:58 | Build | House |
| 2:40 | Queue | Villager (Male) |
| 2:40 | Queue | Villager (Male) |
| 2:40 | Queue | Villager (Male) |
| 2:41 | Queue | Villager (Male) |
| 3:38 | Queue | Villager (Male) |
| 4:05 | Queue | Fishing Ship |
| 4:26 | Build | House |
| 4:46 | Queue | Villager (Male) |
| 4:47 | Queue | Villager (Male) |
| 5:15 | Queue | Villager (Male) |
| 5:19 | Queue | Fishing Ship |
| 5:39 | Queue | Villager (Male) |
| 5:40 | Queue | Villager (Male) |
| 5:46 | Build | House |
| 6:00 | Queue | Villager (Male) |
| 6:00 | Queue | Villager (Male) |
| 6:26 | Queue | Villager (Male) |
| 6:26 | Queue | Villager (Male) |
| 6:30 | Queue | Fishing Ship |
| 6:50 | Queue | Villager (Male) |
| 7:01 | Queue | Fishing Ship |
| 7:17 | Queue | Villager (Male) |
| 7:26 | Build | House |
| 7:29 | Build | House |
| 7:30 | Queue | Villager (Male) |
| 8:00 | Queue | Fishing Ship |
| 8:10 | Queue | Villager (Male) |
| 8:24 | Build | Palisade Wall |
| 8:24 | Build | Palisade Wall |
| 8:32 | Queue | Villager (Male) |
| 8:38 | Build | Palisade Wall |
| 8:49 | Queue | Villager (Male) |
| 8:53 | Build | House |
| 8:54 | Queue | Fishing Ship |
| 9:00 | Build | House |
| 9:12 | Queue | Villager (Male) |
| 9:32 | Queue | Villager (Male) |
| 9:40 | Queue | Fishing Ship |
| 9:56 | Queue | Villager (Male) |
| 10:30 | Build | Dock |
| 10:38 | Queue | Villager (Male) |
| 10:40 | Build | Mining Camp |
| 10:48 | Queue | Fishing Ship |
| 10:52 | Build | House |
| 10:54 | Queue | Villager (Male) |
| 11:20 | Research | Feudal Age |
| 11:46 | Build | Mining Camp |
| 12:14 | Build | Mill |
| 12:26 | Build | Mining Camp |
| 12:27 | Queue | Villager (Male) |
| 12:37 | Build | House |
| 13:04 | Queue | Villager (Male) |
| 13:13 | Build | House |
| 13:40 | Age | Feudal Age |
| 13:44 | Build | Market |
| 13:47 | Build | House |
| 13:52 | Build | House |
| 14:10 | Build | Blacksmith |
| 14:38 | Research | Castle Age |
| 14:38 | Research | Castle Age |
| 15:11 | Build | Outpost |
| 15:34 | Build | Outpost |
| 15:42 | Build | Outpost |
| 15:43 | Queue | Villager (Male) |
| 15:53 | Build | Outpost |
| 16:06 | Build | Lumber Camp |
| 16:12 | Research | Loom |
| 16:12 | Queue | Villager (Male) |
| 16:15 | Build | Outpost |
| 16:25 | Build | Outpost |
| 16:26 | Build | Outpost |
| 16:31 | Research | Town Watch |
| 16:37 | Build | Outpost |
| 16:55 | Build | Outpost |
| 17:18 | Age | Castle Age |
| 17:20 | Build | Castle |
| 17:24 | Build | Stone Wall |
| 17:25 | Research | Scale Barding Armor |
| 17:30 | Build | Outpost |
| 17:46 | Queue | Villager (Male) |
| 18:11 | Queue | Keshik |
| 18:11 | Queue | Keshik |
| 18:14 | Queue | Villager (Male) |
| 18:25 | Queue | Villager (Male) |
| 18:39 | Queue | Keshik |
| 18:44 | Queue | Villager (Male) |
| 18:51 | Queue | Keshik |
| 18:58 | Research | Chain Barding Armor |
| 18:58 | Research | Chain Barding Armor |
| 19:12 | Queue | Villager (Male) |
| 19:20 | Queue | Keshik |
| 19:24 | Queue | Villager (Male) |
| 19:31 | Queue | Villager (Male) |
| 19:36 | Queue | Villager (Male) |
| 19:56 | Queue | Keshik |
| 20:09 | Build | House |
| 20:10 | Build | House |
| 20:11 | Queue | Keshik |
| 20:25 | Queue | Keshik |
| 20:32 | Queue | Keshik |
| 20:44 | Build | Monastery |
| 20:59 | Queue | Keshik |
| 21:12 | Queue | Keshik |
Match timeline
| 0:36 | fourloko · first_building Dock |
| 4:10 | OS+ | TeMo · first_building Dock |
| 6:03 | OS+ | TeMo · wall_segment Palisade Wall x1 |
| 6:03 | OS+ | TeMo · wall_segment Palisade Wall x1 |
| 6:16 | OS+ | TeMo · wall_segment Palisade Wall x1 |
| 8:24 | fourloko · wall_segment Palisade Wall x1 |
| 8:24 | fourloko · wall_segment Palisade Wall x1 |
| 8:38 | fourloko · wall_segment Palisade Wall x1 |
| 13:40 | fourloko · age_up feudal |
| 15:02 | OS+ | TeMo · age_up feudal |
| 16:23 | OS+ | TeMo · first_market_sell 100 stone |
| 17:18 | fourloko · age_up castle |
| 17:20 | fourloko · first_building Castle |
| 17:24 | fourloko · wall_segment Stone Wall x1 |
| 18:28 | OS+ | TeMo · first_market_buy 100 stone |
| 18:51 | OS+ | TeMo · wall_segment Palisade Wall x1 |
| 18:51 | OS+ | TeMo · wall_segment Palisade Wall x1 |
| 18:58 | fourloko · first_market_sell 100 stone |
| 19:06 | OS+ | TeMo · age_up castle |
| 19:11 | OS+ | TeMo · wall_segment Palisade Wall x1 |
| 19:14 | OS+ | TeMo · wall_segment Palisade Wall x1 |
| 20:04 | OS+ | TeMo · wall_segment Palisade Wall x1 |
| 20:31 | OS+ | TeMo · wall_segment Palisade Wall x1 |
| 20:44 | fourloko · first_building Monastery |
| 21:12 | OS+ | TeMo · resign |
[ AI ANALYSIS · 1 CREDIT ]
What really happened in this match?
Wolo.gg analyzes every decision: build order, eco, micro, common mistakes by bracket. Personalized analysis on WhatsApp or Discord in 30 seconds.
Civ guide
Slavs
Perfil
Jugador #15345163